 Dungeon Crawl Stone Soup version 0.31.0-12-g77e489cdc1 (webtiles) character file.

Game seed: 876025126902569375

240 Gadfly the Insei (level 5, -7/41 HPs)
             Began as a Demonspawn Monk on Feb 13, 2024.
             Mangled by an iguana (10 damage)
             ... on level 3 of the Dungeon.
             The game lasted 00:02:34 (1764 turns).

Gadfly the Insei (Demonspawn Monk)                  Turns: 1764, Time: 00:02:34

Health: -7/41      AC:  3    Str: 13    XL:     5   Next: 79%
Magic:  5/5        EV: 13    Int: 11    God:
Gold:   158        SH:  0    Dex: 15    Spells: 4/4 levels left

rFire   . .          .
                       - Unarmed
rCold   . . .        c - orb {light}
rNeg    . . .        a - +0 robe
rPois   .            f - +0 helmet
rElec   .            (no cloak)
rCorr   .            (no gloves)
SInv    .            (no boots)
Will    .....        h - amulet of the acrobat
Stlth   +            (no ring)
HPRegen 0.26/turn    (no ring)
MPRegen 0.09/turn

%: acrobat
@: glowing
A: powered by death 1, weakness stinger 1
a: no special abilities


You were on level 3 of the Dungeon.
You visited 1 branch of the dungeon, and saw 3 of its levels.

You collected 158 gold pieces.

Inventory:

Armour
 a - a +0 robe (worn)
 c - an orb of light (worn)
 f - a +0 helmet (worn)
Jewellery
 h - an amulet of the acrobat (around neck)
Scrolls
 e - a scroll of teleportation
Potions
 b - 4 potions of curing
 d - a potion of enlightenment {unknown}
 g - a potion of attraction
 i - 2 potions of heal wounds {unknown}


   Skills:
 - Level 3.0 Fighting
 + Level 3.4 Dodging
 * Level 3.9 Unarmed Combat
 * Level 2.7 Evocations
 * Level 2.3 Shapeshifting


You had 4 spell levels left.
You didn't know any spells.
Your spell library contained the following spells:

 Spells                   Type           Power      Damage    Failure   Level
 Sublimation of Blood     Necr           0%         N/A       47%         2
 Gell's Gravitas          Tloc           0%         N/A       71%         3
 Teleport Other           Tloc           0%         N/A       71%         3
 Petrify                  Alch/Erth      0%         N/A       98%         4
 Irradiate                Conj/Alch      0%         3d11      100%        5
 Dispersal                Tloc           0%         N/A       100%        6


Dungeon Overview and Level Annotations

Branches:
Dungeon (3/15)

Altars:
Ashenzari
Qazlal
Sif Muna
Vehumet


Innate Abilities, Weirdness & Mutations

You regenerate a little health from kills.
You have a small tail.


Message History

The iguana completely misses you.
You completely miss the iguana.
You tail-slap the iguana, but do no damage.
You hit the iguana but do no damage. The iguana bites you.
You barely miss the iguana. The iguana bites you!
You hit the iguana.
The iguana is lightly wounded.
The iguana closely misses you.
You hit the iguana but do no damage.
The iguana is lightly wounded.
The iguana bites you.
You hit the iguana but do no damage. You tail-slap the iguana.
The iguana is moderately wounded.
The iguana closely misses you.
You hit the iguana.
You tail-slap the iguana, but do no damage.
The iguana is moderately wounded.
The iguana closely misses you.
You barely miss the iguana.
The iguana is moderately wounded.
The iguana bites you but does no damage.
You hit the iguana.
The iguana is heavily wounded.
The iguana bites you!
You punch the iguana!
The iguana is almost dead.
The iguana bites you.
You hit the iguana but do no damage.
The iguana is almost dead.
The iguana misses you.
You barely miss the iguana.
You tail-slap the iguana, but do no damage.
The iguana is almost dead.
The iguana bites you!
* * * LOW HITPOINT WARNING * * *
Unknown command.
You hit the iguana.
The iguana is almost dead.
The iguana bites you!
You die...

.. #. #. ########. #
#. .#........ ..
#.#. .........# .#
#.#.
.......>.##..#..
####.#.
...............#
#......
........l......
..##...
.......@##...#. #..#
...............
##..#
....#.#..#.#.##
#.... ..# #......#
#.... . ###....#
#.... #.#..# #.... #
#.#..## #....
....##..########....
##......#.#.#......


You could see an iguana.

Vanquished Creatures
  Sigmund (D:2)
  An adder (D:2)
  2 ufetubi (D:3)
  A dart slug (D:1)
  9 ball pythons
  8 bats
  2 endoplasms
  2 giant cockroaches
  4 goblins (D:1)
  4 hobgoblins
  4 jackals (D:2)
  2 quokkas (D:2)
  3 frilled lizards (D:1)
  8 kobolds
  5 rats
56 creatures vanquished.

Notes
Turn   | Place    | Note
-------+----------+-------------------------------------------
     0 | D:1      | Gadfly the Demonspawn Monk began the quest for the Orb.
     0 | D:1      | Reached XP level 1. HP: 18/18 MP: 1/1
    56 | D:1      | Gained mutation: You have a small tail. [demonic ancestry]
    56 | D:1      | Reached XP level 2. HP: 24/24 MP: 2/2
   135 | D:1      | Reached skill level 1 in Evocations
   315 | D:1      | Reached skill level 1 in Shapeshifting
   360 | D:1      | Found a faded altar of an unknown god.
   432 | D:1      | Reached XP level 3. HP: 28/29 MP: 3/3
   955 | D:2      | Noticed Sigmund
   989 | D:2      | Killed Sigmund
   990 | D:2      | Reached XP level 4. HP: 18/35 MP: 4/4
   990 | D:2      | Gained mutation: You regenerate a little health from kills.
                  | [demonic ancestry]
   990 | D:2      | Reached XP level 5. HP: 21/41 MP: 5/5
  1662 | D:3      | Found a radiant altar of Vehumet.
  1665 | D:3      | Found a broken altar of Ashenzari.
  1665 | D:3      | Found a shimmering blue altar of Sif Muna.
  1672 | D:3      | Found a stormy altar of Qazlal.
  1764 | D:3      | Mangled by an iguana

Illustrated notes

Levels and vault maps discovered:
D:1:      doesnt_arrival_eight_statues, layout_basic,
          shapermc_ecumenical_altar_mp_ritualfount, minmay_surrounded
D:2:      layout_basic, kennysheep_boxes, uniq_sigmund
D:3:      layout_rooms, nicolae_overflow_hallway_of_the_gods, serial_shops,
          nicolae_shop_gaudy_bauble, nicolae_twisty_statue_hallways

Skill      XL: |  1  2  3 |
---------------+----------+-----
Evocations     | 1 2 |  2.7
Unarmed Combat | 3 |  3.9
Shapeshifting  | 1 2 |  2.3
Dodging        | 3 |  3.4
Fighting       | |  3.0

Action                     |  1- 3 |  4- 6 || total
---------------------------+-------+-------++-------
  Melee: Unarmed           |    83 |    65 ||   148
         Tailslap          |     7 |     9 ||    16
    Use: Potion            |     2 |       ||     2
         Scroll            |     4 |     1 ||     5
 Armour: Robe              |    55 |    32 ||    87
  Dodge: Dodged            |    77 |    57 ||   134
